 Dungeon Crawl Stone Soup version 0.22.1-1-ga44c0e5 (webtiles) character file.

271 dohliylev the Ducker (level 6, -4/41 HPs)
             Began as a Vampire Enchanter on Oct 5, 2018.
             Killed by nerve-wracking pain
             ... invoked by an orc priest
              (7 damage)
             ... on level 3 of the Dungeon.
             The game lasted 00:12:00 (3014 turns).

dohliylev the Ducker (Vampire Enchanter)            Turns: 3014, Time: 00:12:01

Health: -4/41      AC:  2    Str:  7    XL:     6   Next: 2%
Magic:  1/9        EV: 15    Int: 19    God:
Gold:   179        SH:  0    Dex: 15    Spells: 6/9 levels left

rFire    . . .     SeeInvis +   f - +4 dagger
rCold    . . .     Gourm    .   (no shield)
rNeg     + . .     Faith    .   b - +0 robe
rPois    .         Spirit   .   (no helmet)
rElec    .         Reflect  .   (no cloak)
rCorr    .         Harm     .   (no gloves)
MR       .....                  (no boots)
Stlth    +++.......             (no amulet)
HPRegen  0.13/turn              (no ring)
MPRegen  0.11/turn              (no ring)

@: very slightly contaminated
A: fangs 3, see invisible, unbreathing
a: Bat Form


You were on level 3 of the Dungeon.
You were not thirsty.

You visited 1 branch of the dungeon, and saw 3 of its levels.
You also visited: Sewer.

You collected 179 gold pieces.

Inventory:

Hand Weapons
 f - a +4 dagger (weapon)
Armour
 b - a +0 robe (worn)
Scrolls
 a - 2 scrolls of identify {unknown}
 c - 2 scrolls of blinking {unknown}
 e - 3 scrolls of enchant weapon {unknown}
 g - a scroll of magic mapping {unknown}
 h - 2 scrolls of remove curse {unknown}
 i - 2 scrolls of enchant armour {unknown}
 k - a scroll of fog {unknown}
 n - a scroll of teleportation {unknown}
Potions
 d - 10 potions of blood
 j - 2 potions of heal wounds {unknown}
 l - 2 potions of flight {unknown}
 m - a potion of curing {unknown}


   Skills:
 - Level 1.1 Short Blades
 + Level 5.7 Dodging
 - Level 4.4 Stealth
 - Level 2.0 Spellcasting
 - Level 4.4 Hexes
 + Level 3.3 Ice Magic


You had 6 spell levels left.
You knew the following spells:

 Your Spells              Type           Power        Failure   Level  Hunger
a - Corona                Hex            ###....      2%          1    #......
b - Ensorcelled Hibernat  Hex/Ice        ###...       5%          2    ###....

Your spell library contained the following spells:

 Spells                   Type           Power        Failure   Level  Hunger
 Confuse                  Hex            ###.....     9%          3    ###....
 Tukima's Dance           Hex            ###.....     9%          3    ###....
 Dazzling Spray           Conj/Hex       ##....       21%         3    ###....


Dungeon Overview and Level Annotations

Branches:
Dungeon (3/15)

Altars:
Qazlal


Innate Abilities, Weirdness & Mutations

You have razor-sharp teeth.
You have supernaturally acute eyesight. (SInv)
You can survive without breathing.


Message History

Casting: Ensorcelled Hibernation (safe; 5% risk of failure)
Confirm with . or Enter, or press ? or * to list all spells.
Aiming: Ensorcelled Hibernation (safe; 5% risk of failure)
Press: ? - help, Shift-Dir - straight line, f - orc priest
Aim: an orc priest, wielding a dagger and wearing a leather armour (chance to You miscast Ensorcelled Hibernation.
You are very lightly contaminated with residual magic.
Nothing appears to happen.
The orc priest looks encouraged for a moment.
You see here a stone.
Casting: Ensorcelled Hibernation (safe; 5% risk of failure)
Confirm with . or Enter, or press ? or * to list all spells.
Aiming: Ensorcelled Hibernation (safe; 5% risk of failure)
Press: ? - help, Shift-Dir - straight line, f/p - orc priest
Aim: an orc priest, wielding a dagger and wearing a leather armour (chance to The orc priest resists with some effort.
You see here 13 stones.
The orc priest mumbles some strange prayers to Beogh against you.
Pain shoots through your body!
You die...

#..##### #..(.....).......#.#
####..# #.##.#.(.........#..
#..<..# #.#.###...≈≈≈.(..###
#.###.# #..###...≈≈≈≈≈...#
#.###.# #.#.##...≈≈.≈≈...#
...##.# #.##)#...≈≈≈≈≈...#
....#.# #.###(#...≈≈≈....#
......## ##.###o#..........#
.......######>..@.............#
..............#######.#######.#
....#.#######.# #.# #.# ...##.#
#.# #.# #.### ...##.#######.#
#.# #..## #.###.........# #.#
##.## #.# #########.# #.#
##.... #.#
#.#######.######..... #.#
#....................


You could see an orc priest.

Vanquished Creatures
  A big kobold (Sewer)
  An orc priest (D:3)
  An orc wizard (D:3)
  4 river rats
  3 adders
  3 worms
  3 dart slugs
  2 orcs (D:2)
  4 giant cockroaches
  7 hobgoblins
  2 jackals (Sewer)
  2 quokkas (D:2)
  A ball python (D:2)
  5 bats
  2 frilled lizards
  6 goblins
  17 kobolds
  10 rats
74 creatures vanquished.

Notes
Turn   | Place    | Note
-------+----------+-------------------------------------------
     0 | D:1      | dohliylev the Vampire Enchanter began the quest for the
                  | Orb.
     0 | D:1      | Reached XP level 1. HP: 13/13 MP: 3/3
    52 | D:1      | You fall through a shaft!
    98 | D:1      | Reached skill level 3 in Dodging
   141 | D:1      | Reached XP level 2. HP: 13/19 MP: 5/5
   502 | D:1      | Learned a level 2 spell: Ensorcelled Hibernation
   992 | D:2      | Reached XP level 3. HP: 23/24 MP: 1/6
   999 | D:2      | Reached skill level 4 in Dodging
  1160 | D:2      | Reached skill level 1 in Ice Magic
  1391 | D:3      | Found a glowing drain.
  1405 | Sewer    | Entered a sewer
  1409 | Sewer    | Reached XP level 4. HP: 12/30 MP: 7/7
  1478 | Sewer    | Noticed a big kobold
  1540 | Sewer    | Killed a big kobold
  1540 | Sewer    | Reached skill level 5 in Dodging
  1540 | Sewer    | Reached XP level 5. HP: 17/35 MP: 0/8
  1663 | Sewer    | Found a white marble altar of Elyvilon.
  2315 | D:3      | Found a stormy altar of Qazlal.
  2997 | D:3      | HP: 1/35 [orc priest/divine providence (14)]
  3007 | D:3      | Reached XP level 6. HP: 2/41 MP: 4/9
  3014 | D:3      | Killed from afar by an orc priest

Skill      XL: |  1  2  3  4  5 |
---------------+----------------+-----
Dodging        | 3 4 5 |  5.7
Ice Magic      | 1 2 3 |  3.3
Short Blades   | |  1.1
Stealth        | |  4.4
Spellcasting   | |  2.0
Hexes          | |  4.4

Action                   |  1- 3 |  4- 6 || total
-------------------------+-------+-------++-------
Melee: Dagger            |    60 |    95 ||   155
       Bite              |     6 |     5 ||    11
 Cast: Ensorcelled Hiber |     9 |    41 ||    50
 Stab: Sleeping          |    15 |    22 ||    37
       Distracted        |       |     1 ||     1
  Eat: Corpse            |     9 |     8 ||    17
Armor: Robe              |     9 |    17 ||    26
Dodge: Dodged            |    58 |    86 ||   144
